 Dungeon Crawl Stone Soup version 0.24.1-14-gf8d2b509d9 (console) character file.

Game seed: 1183949585674479, levelgen mode: deterministic

1946 Kagalorn the Covered (level 9, 0/69 HPs)
             Began as a Gnoll Wanderer on July 15, 2021.
             Was an Initiate of Ashenzari.
             Slain by Menkaure (16 damage)
             ... on level 6 of the Dungeon.
             The game lasted 00:14:07 (5925 turns).

Kagalorn the Covered (Gnoll Wanderer)               Turns: 5925, Time: 00:14:08

Health: 0/69       AC: 14    Str: 17    XL:     9   Next: 18%
Magic:  14/14      EV:  7    Int: 17    God:    Ashenzari [......]
Gold:   334        SH:  0    Dex: 13    Spells: 15/15 levels left

rFire    . . .     SeeInvis .   a - +2 hand axe
rCold    . . .     Gourm    .   (no shield)
rNeg     . . .     Faith    .   y - +0 plate armour
rPois    .         Spirit   .   (no helmet)
rElec    .         Reflect  .   E - +0 cloak
rCorr    .         Harm     .   (no gloves)
MR       .....                  (no boots)
Stlth    ..........             (no amulet)
HPRegen  0.21/turn              r - ring of flight
MPRegen  0.14/turn              m - ring of wizardry (curse)

@: lightly drained
A: distributed training, fangs 1, strong nose
a: Curse Item, Renounce Religion, Evoke Flight


You were on level 6 of the Dungeon.
You worshipped Ashenzari.
Ashenzari was noncommittal.
You were not hungry.

You visited 2 branches of the dungeon, and saw 7 of its levels.
You also visited: Sewer.

You collected 334 gold pieces.

Inventory:

Hand Weapons
 a - a +2 hand axe (weapon)
Missiles
 e - 120 stones
 f - 91 sling bullets
 o - 6 curare-tipped darts (quivered)
 s - 55 bolts
 x - 21 poisoned darts
 z - 7 silver javelins
 F - a boomerang of dispersal
 J - 13 boomerangs
Armour
 y - a +0 plate armour (worn)
 E - a +0 cloak (worn)
Jewellery
 i - an uncursed ring of fire
 m - a cursed ring of wizardry (right hand)
 r - a ring of flight (left hand)
Wands
 t - a wand of enslavement (7)
 G - a wand of digging (6)
Scrolls
 c - a scroll of blinking {unknown}
 g - a scroll of immolation {unknown}
 n - 5 scrolls of teleportation
 p - 7 scrolls of identify {unknown}
 q - 2 scrolls of remove curse
 v - a scroll of enchant weapon {unknown}
 w - 2 scrolls of fear {unknown}
 A - 3 scrolls of random uselessness {unknown}
 C - a scroll of magic mapping {unknown}
 H - a scroll of noise {unknown}
Potions
 b - 4 potions of curing
 h - 6 potions of flight
 j - a potion of might {unknown}
 k - a potion of haste {unknown}
 l - a potion of agility
 u - 2 potions of lignification {unknown}
 B - a potion of degeneration {unknown}
 D - a potion of mutation {unknown}
 I - 2 potions of berserk rage {unknown}
 K - a potion of resistance {unknown}
Comestibles
 d - 15 rations


   Skills:
 + Level 6.1(5.6) Fighting
 + Level 3.9(3.4) Short Blades
 + Level 3.9(3.4) Long Blades
 + Level 7.7(7.1) Axes
 + Level 3.9(3.4) Maces & Flails
 + Level 3.9(3.4) Polearms
 + Level 3.9(3.4) Staves
 + Level 3.9(3.4) Slings
 + Level 3.9(3.4) Bows
 + Level 3.9(3.4) Crossbows
 + Level 4.7(4.2) Throwing
 + Level 7.7(7.1) Armour
 + Level 3.9(3.4) Dodging
 + Level 4.6(4.1) Stealth
 + Level 3.9(3.4) Shields
 + Level 3.9(3.4) Unarmed Combat
 + Level 3.9(3.4) Spellcasting
 + Level 3.2(2.7) Conjurations
 + Level 3.2(2.7) Hexes
 + Level 3.2(2.7) Charms
 + Level 3.2(2.7) Summonings
 + Level 3.2(2.7) Necromancy
 + Level 3.2(2.7) Translocations
 + Level 3.2(2.7) Transmutations
 + Level 3.2(2.7) Fire Magic
 + Level 3.2(2.7) Ice Magic
 + Level 3.2(2.7) Air Magic
 + Level 3.2(2.7) Earth Magic
 + Level 3.2(2.7) Poison Magic
 + Level 4.3(3.8) Invocations
 + Level 3.9(3.4) Evocations


You had 15 spell levels left.
You didn't know any spells.
Your spell library contained the following spells:

 Spells                   Type           Power        Failure   Level  Hunger
 Corona                   Hex            ##.....      56%         1    None
 Ensorcelled Hibernation  Hex/Ice        ##....       69%         2    ##.....
 Confuse                  Hex            ##......     89%         3    ###....
 Dazzling Spray           Conj/Hex       ##....       89%         3    ###....
 Tukima's Dance           Hex            ##......     89%         3    ###....


Dungeon Overview and Level Annotations

Branches:
Dungeon (6/15)             Temple (1/1) D:4           Sewer (visited)

Altars:
Ashenzari
Cheibriados
Dithmenos
Elyvilon
Fedhas
Gozag
Hepliaklqana
Kikubaaqudgha
Makhleb
Nemelex Xobeh
Okawaru
Qazlal
Ru
Sif Muna
Trog
Uskayaw
Vehumet
Wu Jian
Xom
Yredelemnul
Zin
The Shining One

Annotations:
D:3 2 transporters, Kagalorn's ghost, amateur GnWn
D:6 Menkaure


Innate Abilities, Weirdness & Mutations

Your experience applies equally to all skills.
You have very sharp teeth.
Your uncanny sense of smell can sniff out nearby items.


Message History

The big kobold is almost dead.
You slash the big kobold!
You kill the big kobold!
You slash the kobold!
You kill the kobold!
You hit Menkaure but do no damage. Menkaure closely misses you.
You hit Menkaure.
Menkaure is lightly damaged.
Menkaure hits you but does no damage.
Your plate armour prevents you from hitting Menkaure.
Menkaure is lightly damaged.
Menkaure hits you!
* * * LOW HITPOINT WARNING * * *
You slash Menkaure!
Menkaure is heavily damaged.
Menkaure hits you but does no damage. Menkaure barely misses you.
You hit Menkaure. Your bite misses Menkaure.
Menkaure is heavily damaged.
Menkaure hits you!
You die... ....# ...# ...# ..# KK#

## ∆ #K# . ### ###
#M# #.# #.. #@#
#.# #.# #.# ####.#
#.# #[#
.....#######.# #.#
.......#.....###[#
####.#.#.##...)).#
#.#...##.....(#
#.##o.##......#
#.....##......#


You could see Menkaure and 3 kobolds.

Vanquished Creatures
  An ice beast (D:5)
  A phantom (D:5)
  2 sky beasts
  4 ogres
  3 big kobolds
  2 bullfrogs (D:6)
  Blork the orc (D:4)
  A howler monkey (D:6)
  An orc priest (D:5)
  4 hounds
  A jelly (D:5)
  A centaur skeleton (D:5)
  4 orc wizards
  A merfolk siren (Sewer)
  3 worker ants
  A merfolk avatar (Sewer)
  2 hound zombies
  A hound skeleton (D:5)
  A worker ant zombie (D:5)
  8 gnolls
  7 adders
  5 river rats
  A shadow imp (D:6)
  5 worms
  4 dart slugs
  4 leopard geckos
  15 orcs
  6 ball pythons
  10 giant cockroaches
  A goblin (D:1)
  8 hobgoblins
  4 jackals (D:2)
  A quokka (D:4)
  5 bats
  8 frilled lizards
  18 kobolds
  A leopard gecko zombie (D:5)
  31 rats
177 creatures vanquished.

Vanquished Creatures (others)
  An orc wizard (D:6)
1 creature vanquished.

Grand Total: 178 creatures vanquished

Notes
Turn   | Place    | Note
-------+----------+-------------------------------------------
     0 | D:1      | Kagalorn the Gnoll Wanderer began the quest for the Orb.
     0 | D:1      | Kagalorn set off with the following items: a +2 hand axe, a
                  | potion of curing, a +0 ring mail, a ration
     0 | D:1      | Reached XP level 1. HP: 20/20 MP: 1/1
     6 | D:1      | Noticed a hound
     6 | D:1      | Noticed a killer bee
     6 | D:1      | Noticed a swamp worm
     6 | D:1      | Noticed a salamander
     6 | D:1      | Noticed a polar bear
   166 | D:1      | Reached XP level 2. HP: 26/26 MP: 2/2
   583 | D:1      | Reached XP level 3. HP: 31/31 MP: 3/3
   874 | D:2      | Reached skill level 1 in Invocations
   937 | D:2      | Reached skill level 1 in Short Blades
   937 | D:2      | Reached skill level 1 in Long Blades
   937 | D:2      | Reached skill level 1 in Maces & Flails
   937 | D:2      | Reached skill level 1 in Polearms
   937 | D:2      | Reached skill level 1 in Staves
   937 | D:2      | Reached skill level 1 in Slings
   937 | D:2      | Reached skill level 1 in Bows
   937 | D:2      | Reached skill level 1 in Crossbows
   937 | D:2      | Reached skill level 1 in Dodging
   937 | D:2      | Reached skill level 1 in Shields
   937 | D:2      | Reached skill level 1 in Unarmed Combat
   937 | D:2      | Reached skill level 1 in Spellcasting
   937 | D:2      | Reached skill level 1 in Evocations
  1018 | D:2      | Reached XP level 4. HP: 37/38 MP: 5/5
  1187 | D:2      | Reached skill level 1 in Conjurations
  1187 | D:2      | Reached skill level 1 in Hexes
  1187 | D:2      | Reached skill level 1 in Charms
  1187 | D:2      | Reached skill level 1 in Summonings
  1187 | D:2      | Reached skill level 1 in Necromancy
  1187 | D:2      | Reached skill level 1 in Translocations
  1187 | D:2      | Reached skill level 1 in Transmutations
  1187 | D:2      | Reached skill level 1 in Fire Magic
  1187 | D:2      | Reached skill level 1 in Ice Magic
  1187 | D:2      | Reached skill level 1 in Air Magic
  1187 | D:2      | Reached skill level 1 in Earth Magic
  1187 | D:2      | Reached skill level 1 in Poison Magic
  1395 | D:2      | Reached XP level 5. HP: 39/43 MP: 6/6
  1705 | D:3      | Noticed Kagalorn's ghost (amateur GnWn)
  1706 | D:3      | Found a transporter.
  1738 | D:3      | Found a transporter.
  1748 | D:3      | Noticed a sky beast
  1770 | D:3      | Killed a sky beast
  1770 | D:3      | Reached XP level 6. HP: 32/50 MP: 8/8
  1993 | D:3      | Found a blossoming altar of Fedhas.
  2147 | D:4      | Reached skill level 5 in Fighting
  2220 | D:4      | Found a staircase to the Ecumenical Temple.
  2422 | D:4      | Found a glowing drain.
  2465 | Sewer    | Entered a sewer
  2641 | Sewer    | Reached XP level 7. HP: 51/56 MP: 10/10
  3186 | D:4      | Noticed Blork the orc
  3200 | D:4      | Killed Blork the orc
  3544 | Temple   | Entered the Ecumenical Temple
  3739 | Temple   | Became a worshipper of Ashenzari the Shackled
  3995 | D:5      | Entered Level 5 of the Dungeon
  4268 | D:5      | Reached XP level 8. HP: 63/63 MP: 12/12
  5329 | D:6      | Found a glowing silver altar of Zin.
  5392 | D:6      | Reached XP level 9. HP: 27/69 MP: 14/14
  5402 | D:6      | Noticed Menkaure
  5925 | D:6      | Slain by Menkaure

Levels and vault maps discovered:
D:1:      onia_arrival_zoo_common, layout_basic, minmay_liquid_box,
          serial_bayou_ford_a
D:2:      layout_rooms
D:3:      layout_loops_ring, nicolae_overflow_hidden_temple,
          gammafunk_ghost_stat_death, minmay_splitting_lines,
          minmay_misc_feat_tiny
D:4:      layout_gridville, minmay_temple_entry_antechambers,
          gup_sewer_entry_bubbles, grunt_ministairs_9, minmay_stone_trees_small,
          uniq_blork_the_orc
D:5:      cheibrodos_thug_alley, layout_loops_cross, first_ration,
          minmay_crystal_room
D:6:      layout_basic, kennysheep_mini, uniq_menkaure, uniq_pikel
Temple:   regret_index_temple_chain_breaker

Skill      XL: |  1  2  3  4  5  6  7  8  9 |
---------------+----------------------------+-----
Invocations    | 1 2 3 4 |  4.3
Short Blades   | 1 2 3 |  3.9
Long Blades    | 1 2 3 |  3.9
Maces & Flails | 1 2 3 |  3.9
Polearms       | 1 2 3 |  3.9
Staves         | 1 2 3 |  3.9
Slings         | 1 2 3 |  3.9
Bows           | 1 2 3 |  3.9
Crossbows      | 1 2 3 |  3.9
Dodging        | 1 2 3 |  3.9
Shields        | 1 2 3 |  3.9
Unarmed Combat | 1 2 3 |  3.9
Spellcasting   | 1 2 3 |  3.9
Evocations     | 1 2 3 |  3.9
Conjurations   | 1 2 3 |  3.2
Hexes          | 1 2 3 |  3.2
Charms         | 1 2 3 |  3.2
Summonings     | 1 2 3 |  3.2
Necromancy     | 1 2 3 |  3.2
Translocations | 1 2 3 |  3.2
Transmutations | 1 2 3 |  3.2
Fire Magic     | 1 2 3 |  3.2
Ice Magic      | 1 2 3 |  3.2
Air Magic      | 1 2 3 |  3.2
Earth Magic    | 1 2 3 |  3.2
Poison Magic   | 1 2 3 |  3.2
Throwing       | 3 4 |  4.7
Fighting       | 5 6 |  6.1
Stealth        | 3 4 |  4.6
Axes           | 7 |  7.7
Armour         | 7 |  7.7

Action                   |  1- 3 |  4- 6 |  7- 9 || total
-------------------------+-------+-------+-------++-------
Melee: Hand axe          |    93 |   205 |   416 ||   714
       Bite              |     5 |    18 |    36 ||    59
       Punch             |       |     3 |     2 ||     5
Throw: Dart              |       |     1 |       ||     1
Invok: Curse Item        |       |       |     1 ||     1
  Use: Potion            |       |       |     1 ||     1
       Scroll            |       |       |     2 ||     2
 Stab: Sleeping          |     2 |     2 |       ||     4
  Eat: Chunk             |       |     6 |     2 ||     8
       Ration            |       |       |     3 ||     3
Armor: Ring mail         |    10 |       |       ||    10
       Quicksilver drago |    34 |    71 |    35 ||   140
       Plate armour      |       |       |   223 ||   223
Dodge: Dodged            |    37 |    87 |   122 ||   246
